Map: Dusk Towers

Players

iGMacSed (MacSed)

  • Race: Protoss Protoss

AcerBly (Bly) - Winner!

  • Race: Zerg Zerg

Event: NationWars III

VOD

Have the link to the VOD?

Description

Time

  • Played on: Dec. 3, 2015, 4:24 p.m.
  • Length: 13:45
Show
View Real Time Build Order
Export as new Build Order

iGMacSed Protoss 

Build Orders: Nexus First 

Get SALT Encoding   

  12  0:01  Probe (Chrono Boost)  
  13  0:11  Probe (Chrono Boost)  
  14  0:17  Pylon  
  14  0:22  Probe (Chrono Boost)  
  15  0:36  Probe (Chrono Boost)  
  16  0:46  Probe (Chrono Boost)  
  18  0:57  Probe (Chrono Boost)  
  18  1:04  Nexus  
  19  1:14  Gateway  
  19  1:16  Probe (Chrono Boost)  
  19  1:24  Assimilator  
  19  1:27  Probe (Chrono Boost)  
  20  1:32  Assimilator  
  20  1:37  Probe (Chrono Boost)  
  21  1:46  Pylon  
  21  1:48  Probe (Chrono Boost)  
  22  1:58  Probe (Chrono Boost)  
  23  2:02  Cybernetics Core  
  23  2:09  Probe (Chrono Boost)  
  23  2:11  Zealot  
  26  2:16  Probe (Chrono Boost)  
  26  2:19  Probe (Chrono Boost)  
  27  2:27  Probe (Chrono Boost)  
  28  2:30  Probe (Chrono Boost)  
  29  2:37  Probe (Chrono Boost)  
  29  2:38  Adept, Warp Gate  
  29  2:42  Mothership Core (Chrono Boost)  
  34  2:48  Probe (Chrono Boost)  
  35  2:58  Probe (Chrono Boost), Robotics Facility  
  35  3:00  Probe (Chrono Boost)  
  35  3:07  Adept  
  35  3:09  Probe (Chrono Boost)  
  35  3:10  Probe (Chrono Boost)  
  40  3:20  Probe (Chrono Boost), Gateway  
  40  3:21  Gateway  
  40  3:24  Probe (Chrono Boost)  
  41  3:27  Pylon  
  41  3:32  Probe (Chrono Boost)  
  42  3:34  Adept  
  42  3:35  Probe (Chrono Boost)  
  42  3:40  Pylon  
  45  3:41  Probe (Chrono Boost)  
  45  3:45  Observer (Chrono Boost)  
  45  3:47  Probe  
  48  3:50  Assimilator  
  48  3:51  Probe  
  48  3:52  Assimilator  
  49  3:55  Twilight Council  
  49  3:59  Probe  
  50  4:03  Adept  
  50  4:05  Probe, Warp Prism (Chrono Boost)  
  55  4:11  Probe  
  55  4:15  Probe  
  56  4:21  Pylon  
  56  4:23  Probe  
  58  4:26  Probe  
  58  4:31  Pylon  
  59  4:36  Probe, Nexus  
  60  4:43  Probe, Pylon  
  60  4:44  Observer (Chrono Boost)  
  62  4:46  Sentry x2  
  62  4:47  Sentry  
  62  4:50  Probe  
  69  4:53  Probe  
  69  4:58  Charge (Chrono Boost)  
  70  5:02  Probe  
  70  5:07  Gateway  
  71  5:09  Probe  
  71  5:10  Gateway  
  72  5:19  Gateway, Probe  
  73  5:25  Immortal (Chrono Boost)  
  73  5:27  Probe  
  77  5:31  Probe  
  79  5:38  Probe  
  80  5:43  Probe  
  80  5:45  Zealot x2  
  80  5:46  Probe  
  80  5:49  Probe  
  86  5:55  Probe  
  86  5:57  Assimilator  
  88  5:59  Probe x2  
  88  6:01  Stargate x2, Assimilator  
  90  6:07  Probe, Robotics Bay  
  91  6:12  Immortal (Chrono Boost)  
  91  6:13  Probe x2  
  97  6:26  Zealot x2  
  101  6:34  Pylon  
  101  6:35  Pylon x2  
  101  6:36  Pylon  
  101  6:45  Pylon  
  101  6:46  Pylon  
  101  6:51  Gateway, Phoenix x2 (Chrono Boost)  
  101  6:53  Gateway  
  105  6:57  Disruptor (Chrono Boost)  
  108  7:01  Zealot x2  
  108  7:02  Pylon  
  108  7:06  Templar Archives  
  112  7:11  Phoenix x2  
  106  7:22  Stalker x6  
  118  7:26  Pylon  
  118  7:33  Phoenix x2  
  116  7:46  Stalker  
  116  7:48  Stalker x2  
  116  7:51  Blink  
  122  7:54  Phoenix  
  124  7:59  Forge  
  124  8:01  Zealot  
  124  8:02  Zealot  
  128  8:10  High Templar  
  128  8:11  Zealot, High Templar  
  128  8:12  Zealot x3  
  140  8:15  Archon  
  140  8:23  Probe  
  140  8:25  Phoenix x2  
  140  8:32  Photon Cannon  
  140  8:33  Photon Cannon  
  144  8:34  Photon Cannon  
  144  8:35  Photon Cannon  
  144  8:37  Photon Cannon  
  144  8:38  Photon Cannon x2  
  142  8:47  High Templar x2  
  140  8:54  Phoenix, Photon Cannon  
  140  8:55  Archon  
  140  8:56  Zealot  
  140  8:57  Zealot x3  
  140  9:00  Protoss Ground Weapons Level 1 (Chrono Boost)  
  148  9:06  Stalker x2  
  152  9:13  Probe x2  
  152  9:15  Pylon  
  154  9:17  Disruptor (Chrono Boost)  
  154  9:20  Forge  
  157  9:26  Phoenix  
  157  9:29  Pylon  
  157  9:30  Phoenix  
  161  9:32  High Templar x2  
  161  9:36  Nexus  
  161  9:38  Archon  
  165  9:45  Protoss Ground Armor Level 1 (Chrono Boost)  
  165  9:46  Pylon  
  165  9:49  Assimilator  
  165  9:50  Immortal (Chrono Boost)  
  169  9:55  Robotics Facility, Assimilator  
  169  10:10  Photon Cannon  
  161  10:23  Stalker x3, Immortal (Chrono Boost)  
  167  10:41  Stalker x2  
  171  10:43  Immortal (Chrono Boost)  
  175  10:55  Protoss Ground Weapons Level 2  
  175  11:02  Zealot  
  175  11:03  Zealot x3  
  185  11:06  Immortal (Chrono Boost)  
  185  11:07  Zealot x4  
  188  11:19  Probe  
  188  11:20  Probe  
  188  11:23  Immortal (Chrono Boost)  
  192  11:27  High Templar x2  
  192  11:28  High Templar  
  200  11:38  High Templar  
  195  12:04  High Templar  
  195  12:06  High Templar  
  197  12:09  Immortal (Chrono Boost)  
  197  12:11  Archon  
  197  12:13  Zealot  
  199  12:18  Pylon  
  199  12:19  Observer (Chrono Boost)  
  176  12:45  Stalker x3  
  176  12:46  Stalker  
  122  13:04  Stalker x4  
  122  13:15  Probe x2  
  87  13:28  Zealot x2  
  87  13:29  Stalker x3  
  87  13:30  Stalker  
  95  13:34  Stalker  
  95  13:35  Stalker  
Show
View Real Time Build Order
Export as new Build Order

AcerBly Zerg - Winner!

Build Orders: Hatch First, Lurkers 

Get SALT Encoding   

  12  0:01  Drone  
  13  0:13  Overlord  
  13  0:18  Drone  
  14  0:31  Drone x2  
  16  0:36  Drone  
  17  0:53  Hatchery  
  16  1:05  Spawning Pool  
  16  1:07  Drone  
  16  1:10  Drone  
  17  1:15  Drone  
  18  1:36  Hatchery  
  17  1:43  Drone  
  17  1:45  Overlord  
  18  1:52  Zergling x2  
  18  1:54  Zergling x2  
  20  2:05  Zergling x2  
  20  2:06  Queen  
  20  2:08  Drone  
  24  2:20  Queen  
  24  2:21  Drone  
  24  2:22  Drone  
  28  2:27  Drone  
  28  2:29  Overlord  
  29  2:38  Drone x2  
  29  2:42  Queen  
  33  2:55  Drone x3  
  35  3:00  Queen  
  35  3:05  Overlord  
  35  3:10  Drone x3  
  35  3:11  Drone  
  39  3:18  Extractor  
  39  3:19  Drone x2  
  41  3:20  Drone, Extractor  
  41  3:24  Drone x2  
  41  3:25  Drone  
  43  3:31  Drone x3  
  46  3:36  Drone x3  
  46  3:40  Drone  
  50  3:42  Drone, Extractor  
  50  3:47  Drone  
  50  3:48  Overlord  
  51  3:53  Drone x2  
  51  3:55  Drone x2  
  55  4:01  Overlord  
  55  4:02  Drone x2  
  57  4:05  Drone  
  57  4:08  Lair  
  58  4:10  Drone x3  
  58  4:14  Overlord  
  61  4:17  Drone x2  
  61  4:19  Metabolic Boost  
  63  4:30  Drone x4  
  63  4:31  Roach Warren, Drone x2, Extractor  
  67  4:40  Drone  
  67  4:41  Drone x3  
  67  4:44  Zergling x12  
  77  4:51  Drone, Extractor  
  77  4:52  Drone, Extractor  
  78  4:54  Overlord  
  77  5:09  Overlord  
  77  5:13  Hatchery  
  76  5:16  Roach x5  
  76  5:18  Overlord  
  76  5:21  Overlord  
  86  5:24  Spire  
  86  5:25  Drone x3  
  86  5:26  Drone, Overlord  
  86  5:27  Drone  
  88  5:38  Overlord  
  88  5:41  Drone x5  
  93  5:47  Hydralisk Den, Overseer  
  92  5:58  Drone x5  
  92  5:59  Drone  
  92  6:00  Overlord  
  98  6:04  Extractor  
  98  6:08  Extractor  
  98  6:10  Overlord  
  98  6:11  Hatchery  
  95  6:27  Overlord  
  95  6:30  Infestation Pit  
  94  6:38  Evolution Chamber, Mutalisk  
  94  6:39  Mutalisk x12  
  119  6:42  Drone x5  
  119  6:43  Drone  
  119  6:44  Drone  
  127  6:47  Drone  
  127  6:51  Zerg Flyer Weapons Level 1  
  127  6:53  Overlord  
  127  7:08  Extractor  
  126  7:09  Hive  
  126  7:10  Zerg Melee Weapons Level 1  
  126  7:11  Lurker Den  
  126  7:13  Extractor  
  125  7:18  Drone x2  
  125  7:19  Drone x2  
  129  7:25  Drone  
  129  7:29  Corruptor x5  
  132  7:30  Corruptor  
  132  7:33  Overlord  
  140  7:52  Hydralisk x10  
  140  7:56  Overlord  
  160  8:04  Overlord  
  160  8:07  Spore Crawler, Drone  
  160  8:17  Corruptor x3  
  166  8:20  Overlord  
  166  8:29  Overseer  
  166  8:40  Hatchery  
  165  8:47  Muscular Augments  
  165  8:48  Viper x3, Ultralisk Cavern  
  173  8:57  Zergling x4  
  173  8:58  Zergling x32  
  173  8:59  Overlord, Adrenal Glands  
  173  9:02  Greater Spire  
  191  9:05  Spore Crawler, Drone  
  191  9:06  Spine Crawler  
  190  9:14  Overseer  
  190  9:15  Pneumatized Carapace  
  192  9:17  Lurker x5  
  195  9:34  Chitinous Plating  
  195  9:35  Zerg Ground Armor Level 1  
  195  9:53  Drone x2  
  195  9:54  Drone  
  195  9:56  Spine Crawler  
  195  9:57  Spine Crawler  
  195  9:59  Drone x4  
  190  10:35  Overlord  
  190  10:47  Ultralisk  
  190  10:49  Zergling x8  
  200  10:50  Overlord  
  195  11:10  Lurker x3  
  195  11:11  Lurker  
  172  11:35  Brood Lord x9  
  190  11:42  Ultralisk  
  191  12:01  Overseer  
  191  12:20  Zergling x2  
  191  12:21  Zergling x16  
  176  12:53  Spore Crawler  
  176  12:54  Spore Crawler  
  176  12:56  Ultralisk x4  
  198  13:01  Zergling x4  
Tags
 
Add a new tag
Caveats
  • Supply blocks, unpowered buildings, or Contaminate may cause inaccurate times.
  • Supply counts are checked every 10 seconds.